 Dungeon Crawl Stone Soup version 0.31-a0-1066-g35875b34c7 (webtiles) character file.

Game seed: 1939645486353908919

49 Gladio the Changeling (level 3, 0/18 HPs)
             Began as a Vine Stalker Shapeshifter on Nov 22, 2023.
             Killed from afar by Natasha (4 damage)
             ... with a magic dart
             ... on level 2 of the Dungeon.
             The game lasted 00:01:53 (1034 turns).

Gladio the Changeling (Vine Stalker Shapeshifter)   Turns: 1034, Time: 00:01:54

Health: 0/18       AC:  5    Str: 18    XL:     3   Next: 75%
Magic:  0/4        EV: 11    Int: 10    God:
Gold:   104        SH:  0    Dex: 13    Spells: 2/2 levels left

rFire   + .          .
                       - Unarmed
rCold   . . .        (no shield)
rNeg    . . .        k - +0 ring mail
rPois   .            (helmet currently unavailable)
rElec   .            (cloak currently unavailable)
rCorr   .            (gloves currently unavailable)
SInv    .            (boots currently unavailable)
Will    .....        (no amulet)
Stlth   +            i - ring of protection from fire
HPRegen 1.03/turn    (no ring)
MPRegen 0.09/turn

%: guardian spirit
@: beast-form, slowed, very slow
A: beast (slay +2), fangs 2, regeneration 1, magic shield, antimagic bite, no
potion heal 2
a: Begin Untransformation


You were on level 2 of the Dungeon.
You were a hulking beast.
You visited 1 branch of the dungeon, and saw 2 of its levels.

You collected 104 gold pieces.

Inventory:

Armour
 a - a +0 animal skin
 h - a +1 pair of gloves
 j - a +0 pair of boots
 k - a +0 ring mail (worn)
Jewellery
 i - a ring of protection from fire (left hand)
Talismans
 c - a beast talisman
 d - a flux talisman
Scrolls
 e - 2 scrolls of teleportation {unknown}
 f - a scroll of blinking {unknown}
 g - 2 scrolls of fear {unknown}
 m - a scroll of identify {unknown}
Potions
 b - a potion of lignification
 l - a potion of enlightenment {unknown}
 n - 2 potions of curing {unknown}
 o - a potion of ambrosia {unknown}


   Skills:
 + Level 1.6 Fighting
 - Level 1.5 Dodging
 + Level 3.4 Unarmed Combat
 * Level 3.7 Shapeshifting


You had 2 spell levels left.
You didn't know any spells.
Your spell library was empty.

Dungeon Overview and Level Annotations

Branches:
Dungeon (2/15)

Altars:
The Shining One

Annotations:
D:2 Natasha


Innate Abilities, Weirdness & Mutations

You are a hulking beast.
Your limbs bulge with bestial killing power. (Slay +2)
You have extremely sharp teeth.
Your natural rate of healing is unusually fast.
When hurt, damage is shared between your health and your magic reserves.
Your bite disrupts and absorbs the magic of your enemies.
Potions cannot restore your health.


Message History

Natasha is nearby!
Natasha casts a spell at you.
You feel as though you will be slow longer.
Natasha is nearby!
Natasha casts a spell at you. The magic dart hits you!
Natasha growls.
You punch Natasha! You bite Natasha, but do no damage.
Natasha is heavily wounded.
Natasha casts a spell at you. The magic dart hits you.
You hit Natasha.
Natasha is severely wounded.
Natasha stares at you and mumbles some strange words.
The magic dart hits you! Natasha claws you.
* * * LOW HITPOINT WARNING * * *
You are too injured to fight recklessly!
You are too injured to fight recklessly!
You are too injured to fight recklessly!
You are too injured to fight recklessly!
You are too injured to fight recklessly!
You are too injured to fight recklessly!
You are too injured to fight recklessly!
You are too injured to fight recklessly!
You are too injured to fight recklessly!
You are too injured to fight recklessly!
You are too injured to fight recklessly!
You are too injured to fight recklessly!
You are too injured to fight recklessly!
You are too injured to fight recklessly!
You are too injured to fight recklessly!
You are too injured to fight recklessly!
You are too injured to fight recklessly!
You are too injured to fight recklessly!
You hit Natasha. Your bite misses Natasha.
Natasha is almost dead.
Natasha stares at you and mumbles some strange words.
The magic dart hits you.
You die...
Natasha curls up and begins to purr.

#. #. ##'##
##...##
##.....##
##.......## #
###.....h...####
.
.'.....h...'...
#
##.........####
##.......##
##.....##
##...## ##'##
#.# ##### #.#
#...#
##.####...###


You could see Natasha.

Vanquished Creatures
  An adder (D:2)
  4 dart slugs (D:1)
  2 ball pythons
  5 endoplasms
  A giant cockroach (D:1)
  A goblin (D:1)
  5 hobgoblins
  A quokka (D:1)
  3 bats
  3 frilled lizards
  2 kobolds
  2 rats
30 creatures vanquished.

Notes
Turn   | Place    | Note
-------+----------+-------------------------------------------
     0 | D:1      | Gladio the Vine Stalker Shapeshifter began the quest for
                  | the Orb.
     0 | D:1      | Reached XP level 1. HP: 9/9 MP: 2/2
    46 | D:1      | Reached skill level 1 in Fighting
   105 | D:1      | Reached XP level 2. HP: 14/14 MP: 3/3
   253 | D:1      | Reached XP level 3. HP: 14/18 MP: 4/4
   876 | D:2      | Found a glowing golden altar of the Shining One.
  1028 | D:2      | Noticed Natasha
  1034 | D:2      | Killed from afar by Natasha

Illustrated notes

Levels and vault maps discovered:
D:1:      lightli_arrival_farm, layout_rooms, serial_bayou_lagoon_a
D:2:      layout_loops_corners, basic_altar, uniq_natasha

Skill      XL: |  1 |
---------------+----+-----
Fighting       | 1 |  1.6
Dodging        | |  1.5
Unarmed Combat | |  3.4
Shapeshifting  | |  3.7

Action                     || total
---------------------------++-------
  Melee: Unarmed           ||    61
         Bite              ||    22
 Armour: Animal skin       ||    17
         Ring mail         ||    16
  Dodge: Dodged            ||    41

Table legend: (Time is in decaauts)
 A = Elapsed time spent in this place.
 B = Non-inter-level travel time spent in this place.
 C = Inter-level travel time spent in this place.
 D = Time resting spent in this place.
 E = Time spent auto-exploring this place.
 F = Levels seen in this place.
 G = Mean time per level.
                   A        B        C        D        E       F      G
               +--------+--------+--------+--------+--------+-----+--------+
         Total |   1066 |   1014 |     52 |      0 |    862 |   2 |  533.0 |
       Dungeon |   1066 |   1014 |     52 |      0 |    862 |   2 |  533.0 |
               +--------+--------+--------+--------+--------+-----+--------+

Top non-repeatable levels by time:
     D:1: 623 daAuts
     D:2: 443 daAuts
